 Dungeon Crawl Stone Soup version 0.30-a0-596-g0af90f9a20 (webtiles) character file.

Game seed: 9061257367010393024

144 gelatine the Chopper (level 5, -3/39 HPs)
             Began as a Demonspawn Gladiator on Jan 7, 2023.
             Was an Initiate of Makhleb.
             Slain by Grinder (5 damage)
             ... on level 3 of the Dungeon.
             The game lasted 00:05:28 (2276 turns).

gelatine the Chopper (Demonspawn Gladiator)         Turns: 2276, Time: 00:05:29

Health: -3/39      AC:  6    Str: 16    XL:     5   Next: 5%
Magic:  5/5        EV: 12    Int: 10    God:    Makhleb [......]
Gold:   194        SH:  0    Dex: 14    Spells: 4/4 levels left

rFire   + . .      SeeInvis .    a - +0 war axe
rCold   . . .      Faith    .    (no shield)
rNeg    . . .      Spirit   .    b - +0 leather armour
rPois   .          Reflect  .    c - +0 helmet
rElec   .          Harm     .    z - +0 cloak
rCorr   .          Rampage  .    i - +0 pair of gloves
Will    .....                    (no boots)
Stlth   ++                       t - amulet of the acrobat
HPRegen 0.26/turn                m - ring of protection from fire
MPRegen 0.09/turn                (no ring)

@: no status effects
A: ignite blood 1
a: Renounce Religion


You were on level 3 of the Dungeon.
You worshipped Makhleb.
Makhleb was noncommittal.
You visited 1 branch of the dungeon, and saw 3 of its levels.

You collected 194 gold pieces.

Inventory:

Hand Weapons
 a - a +0 war axe (weapon)
Missiles
 d - 2 throwing nets (quivered)
 e - a javelin
Armour
 b - a +0 leather armour (worn)
 c - a +0 helmet (worn)
 i - a +0 pair of gloves (worn)
 z - a +0 cloak (worn)
Jewellery
 m - a ring of protection from fire (left hand)
 t - an amulet of the acrobat (around neck)
Wands
 q - a wand of charming (8)
Scrolls
 j - 3 scrolls of identify {unknown}
 k - a scroll of noise {unknown}
 l - a scroll of enchant weapon {unknown}
 n - 2 scrolls of teleportation {unknown}
 r - a scroll of blinking {unknown}
 s - a scroll of poison {unknown}
 u - a scroll of vulnerability {unknown}
 v - a scroll of silence {unknown}
 y - a scroll of enchant armour {unknown}
Potions
 f - a potion of curing
 g - a potion of flight {unknown}
 h - 2 potions of invisibility
 o - a potion of degeneration {unknown}
 p - a potion of magic
 w - a potion of cancellation {unknown}
 x - a potion of attraction {unknown}


   Skills:
 + Level 2.5 Fighting
 + Level 4.1 Axes
 + Level 1.8 Throwing
 + Level 1.3 Armour
 + Level 3.1 Dodging
 + Level 1.3 Stealth


You had 4 spell levels left.
You didn't know any spells.
Your spell library was empty.

Dungeon Overview and Level Annotations

Branches:
Dungeon (3/15)

Altars:
Cheibriados
Makhleb
Vehumet

Annotations:
D:3 Grinder


Innate Abilities, Weirdness & Mutations

Your demonic aura sometimes causes spilled blood to erupt in flames.


Message History

You slash the orc! Your punch misses the orc.
The orc is severely wounded.
The orc is engulfed in blazing flames.
You kill the orc!
Makhleb accepts your kill.
Things that are here:
a +0 flail; a +0 leather armour; an orc corpse You see here a +0 long sword.
Grinder comes into view.
Grinder gestures at you. Pain shoots through your body!
Grinder hits you but does no damage.
You barely miss Grinder. Grinder hits you but does no damage.
You hit Grinder but do no damage. Grinder hits you.
You writhe in agony.
Grinder says, "DUCK!"
Grinder gestures at you. Pain shoots through your body!
You barely miss Grinder. Grinder hits you but does no damage.
You hit Grinder but do no damage. Grinder hits you.
* * * LOW HITPOINT WARNING * * *
You writhe in agony.
* * * LOW HITPOINT WARNING * * *
You feel better. Grinder barely misses you.
You feel better. Grinder hits you but does no damage.
You barely miss Grinder. Grinder hits you but does no damage. Grinder hits you!
You writhe in agony.
* * * LOW HITPOINT WARNING * * *
You closely miss Grinder. Grinder hits you.
* * * LOW HITPOINT WARNING * * *
You writhe in agony.
* * * LOW HITPOINT WARNING * * *
You slash Grinder!
Grinder is lightly wounded.
Grinder barely misses you.
You barely miss Grinder.
Grinder is lightly wounded.
Grinder hits you.
* * * LOW HITPOINT WARNING * * *
You writhe in agony.
You die...

#.# #..# ####.# #..#
######....###..#####.
.......#....)........
......>..####.###>##.
#######†#####.#
#......)#
#######.########.#
#...@5.....#
############


You could see Grinder.

Vanquished Creatures
  Crazy Yiuf (D:3)
  Terence (D:3)
  Robin (D:3)
  An adder (D:3)
  2 worms
  2 orcs (D:3)
  6 ball pythons
  5 bats
  6 endoplasms
  3 giant cockroaches
  15 goblins
  2 hobgoblins (D:1)
  2 quokkas
  A frilled lizard (D:1)
  2 kobolds
  7 rats
57 creatures vanquished.

Vanquished Creatures (others)
  2 plants (D:2)
2 creatures vanquished.

Grand Total: 59 creatures vanquished

Notes
Turn   | Place    | Note
-------+----------+-------------------------------------------
     0 | D:1      | gelatine the Demonspawn Gladiator began the quest for the
                  | Orb.
     0 | D:1      | Reached XP level 1. HP: 16/16 MP: 1/1
   252 | D:1      | Reached skill level 3 in Axes
   302 | D:1      | Gained mutation: Your demonic aura sometimes causes spilled
                  | blood to erupt in flames. [demonic ancestry]
   302 | D:1      | Reached XP level 2. HP: 19/22 MP: 2/2
  1039 | D:2      | Reached XP level 3. HP: 27/27 MP: 3/3
  1754 | D:3      | Noticed Robin
  1774 | D:3      | Killed Robin
  1775 | D:3      | Reached skill level 1 in Armour
  1775 | D:3      | Reached XP level 4. HP: 34/34 MP: 4/4
  1815 | D:3      | Noticed Terence
  1827 | D:3      | Killed Terence
  1828 | D:3      | Reached skill level 1 in Stealth
  1965 | D:3      | Found a large runed translucent door.
  1971 | D:3      | Found a large runed translucent door.
  1982 | D:3      | Found a snail-covered altar of Cheibriados.
  1990 | D:3      | Found a radiant altar of Vehumet.
  2050 | D:3      | Found a burning altar of Makhleb.
  2055 | D:3      | Became a worshipper of Makhleb the Destroyer
  2111 | D:3      | Found a runed translucent door.
  2112 | D:3      | Noticed Crazy Yiuf
  2117 | D:3      | Killed Crazy Yiuf
  2118 | D:3      | Reached skill level 4 in Axes
  2118 | D:3      | Reached XP level 5. HP: 26/39 MP: 5/5
  2263 | D:3      | Noticed Grinder
  2276 | D:3      | Slain by Grinder

Illustrated notes

Levels and vault maps discovered:
D:1:      matt_arrival_refuge, layout_loops_ring, grunt_decor_one_mirror,
          nicolae_wormholes
D:2:      layout_basic, guppyfry_early_lair_pool
D:3:      layout_loops_ring, lightli_temple_of_fire, jmf_multi_god_temple2,
          minmay_diced_spiral, uniq_crazy_yiuf_cottage, uniq_grinder,
          uniq_robin, uniq_terence

Skill      XL: |  1  2  3  4 |
---------------+-------------+-----
Axes           | 3 4 |  4.1
Dodging        | 3 |  3.1
Armour         | 1 |  1.3
Stealth        | 1 |  1.3
Fighting       | |  2.5
Throwing       | |  1.8

Action                   |  1- 3 |  4- 6 || total
-------------------------+-------+-------++-------
Melee: War axe           |    96 |    40 ||   136
Throw: Throwing net      |     3 |       ||     3
       Javelin           |     1 |       ||     1
  Use: Potion            |     4 |     2 ||     6
 Stab: Sleeping          |     2 |     1 ||     3
       Invisible         |     6 |       ||     6
Armor: Leather armour    |    42 |    13 ||    55
Dodge: Dodged            |   104 |    24 ||   128

Table legend: (Time is in decaauts)
 A = Elapsed time spent in this place.
 B = Non-inter-level travel time spent in this place.
 C = Inter-level travel time spent in this place.
 D = Time resting spent in this place.
 E = Time spent auto-exploring this place.
 F = Levels seen in this place.
 G = Mean time per level.
                   A        B        C        D        E       F      G
               +--------+--------+--------+--------+--------+-----+--------+
         Total |   2320 |   2240 |     80 |      0 |   1724 |   3 |  773.3 |
       Dungeon |   2320 |   2240 |     80 |      0 |   1724 |   3 |  773.3 |
               +--------+--------+--------+--------+--------+-----+--------+

Top non-repeatable levels by time:
     D:1: 982 daAuts
     D:2: 735 daAuts
     D:3: 602 daAuts
